 Dungeon Crawl Stone Soup version 0.23-a0-690-g0a1fc62c7c (webtiles) character file.

1251 Mazzaar the Digger (level 8, 0/44 HPs)
             Began as a Gargoyle Earth Elementalist on Jan 11, 2019.
             Slain by Fandomethor's ghost (12 damage)
             ... on level 4 of the Dungeon.
             The game lasted 00:22:18 (5050 turns).

Mazzaar the Digger (Gargoyle Earth Elementalist)    Turns: 5050, Time: 00:22:19

Health: 0/44       AC: 10    Str: 12    XL:     8   Next: 51%
Magic:  3/15       EV: 12    Int: 18    God:
Gold:   182        SH:  0    Dex: 10    Spells: 8/17 levels left

rFire    . . .     SeeInvis .   a - +0 short sword (elec)
rCold    + . .     Gourm    .   (no shield)
rNeg     + . .     Faith    .   c - +0 robe
rPois    ∞         Spirit   .   (no helmet)
rElec    +         Reflect  .   (no cloak)
rCorr    .         Harm     .   (no gloves)
MR       .....                  i - +2 pair of boots
Stlth    ++........             u - amulet of rage
HPRegen  0.14/turn              y - ring of protection from cold
MPRegen  0.14/turn              (no ring)

@: berserk cooldown, very slightly contaminated, starving, slowed, very slow
A: negative energy resistance 1, electricity resistance, unbreathing,
petrification resistance, rot immunity, AC +5
a: Evoke Berserk Rage


You were on level 4 of the Dungeon.
You were starving.

You visited 1 branch of the dungeon, and saw 5 of its levels.

You collected 182 gold pieces.

Inventory:

Hand Weapons
 a - a +0 short sword of electrocution (weapon)
 w - a +0 morningstar
Missiles
 b - 32 stones (quivered)
Armour
 c - a +0 robe (worn)
 i - a +2 pair of boots (worn)
Jewellery
 g - an uncursed ring of ice
 u - an amulet of rage (around neck)
 y - a ring of protection from cold (left hand)
Wands
 h - a wand of paralysis (9)
Scrolls
 f - 2 scrolls of magic mapping
 k - 2 scrolls of identify
 l - a scroll of fog
 q - a scroll of enchant armour
 r - 2 scrolls of remove curse
Potions
 e - 2 potions of curing
 m - a potion of heal wounds
 t - 2 potions of flight
 v - 2 potions of might
Comestibles
 d - 8 rations


   Skills:
 + Level 2.0 Fighting
 + Level 1.7 Maces & Flails
 + Level 1.9 Armour
 + Level 2.3 Dodging
 - Level 2.1 Stealth
 + Level 5.3 Spellcasting
 + Level 4.4 Conjurations
   Level 0.7 Transmutations
 + Level 7.4 Earth Magic
 + Level 1.4 Evocations


You had 8 spell levels left.
You knew the following spells:

 Your Spells              Type           Power        Failure   Level  Hunger
a - Sandblast             Erth           ####..       1%          1    None
b - Stone Arrow           Conj/Erth      ####..       3%          3    ##.....
c - Lee's Rapid Deconstr  Erth           ####......   17%         5    ######.

Your spell library contained the following spells:

 Spells                   Type           Power        Failure   Level  Hunger
 Passwall                 Tmut/Erth      ###.....     3%          2    #......
 Petrify                  Tmut/Erth      ###.....     24%         4    ####...


Dungeon Overview and Level Annotations

Branches:
Dungeon (5/15)
 Temple: D:4-7

Altars:

Shops:
D:4 }

Annotations:
D:4 Fandomethor's ghost, amateur VSFi


Innate Abilities, Weirdness & Mutations

You are resistant to torment.
Your stone body is resilient. (AC +5)
You are immune to poison.
You resist negative energy. (rN+)
You are resistant to electric shocks. (rElec)
You can survive without breathing.
You are immune to petrification.
You are immune to rotting.


Message History

You hit Fandomethor's ghost.
Fandomethor's ghost is moderately damaged.
Fandomethor's ghost hits you!
You hit Fandomethor's ghost but do no damage.
Fandomethor's ghost is moderately damaged.
Fandomethor's ghost hits you!
You hit Fandomethor's ghost.
Fandomethor's ghost is moderately damaged.
You are no longer berserk.
You are exhausted.
You feel yourself slow down.
You closely miss Fandomethor's ghost.
Fandomethor's ghost is moderately damaged.
Fandomethor's ghost shrieks, "You must not fail where I succeeded!"
Fandomethor's ghost hits you! x2
* * * LOW HITPOINT WARNING * * *
You hit Fandomethor's ghost but do no damage.
Fandomethor's ghost is moderately damaged.
Fandomethor's ghost hits you!
You die...

>......##.## #..........)....#
.).....##.# #...............#
.......##.######...............#
...............................#
..........######........)......#
.......#### ##.............##
.......# ##.......#.....##
#.....## ########.....########
#.....# #≈/≈≈≈W@......# #.....#
########....#.# #.....#
#####....####.#
.#########.....#### #.##
...........##### #..#
............###########.#
#..########.........###.#
#...### ####..........## #.....#
#......##...#


You could see Fandomethor's ghost.

Vanquished Creatures
  A sky beast (D:3)
  A phantom (D:4)
  An ogre (D:4)
  A scorpion (D:5)
  4 killer bees (D:3)
  A howler monkey (D:4)
  5 orc wizards
  3 hounds
  A centaur skeleton (D:4)
  4 orc priests (D:4)
  An iguana (D:4)
  A worker ant (D:3)
  4 gnolls (D:3)
  13 adders
  An ooze (D:1)
  7 worms
  2 dart slugs
  4 leopard geckos
  14 orcs
  5 giant cockroaches
  6 hobgoblins
  10 jackals
  9 kobolds
  3 quokkas
  A ball python (D:2)
  7 bats
  5 frilled lizards
  3 goblins
  A jackal skeleton (D:4)
  7 rats
126 creatures vanquished.

Notes
Turn   | Place    | Note
-------+----------+-------------------------------------------
     0 | D:1      | Mazzaar the Gargoyle Earth Elementalist began the quest for
                  | the Orb.
     0 | D:1      | Reached XP level 1. HP: 10/10 MP: 3/3
   262 | D:1      | Reached skill level 4 in Earth Magic
   262 | D:1      | Reached XP level 2. HP: 10/15 MP: 3/5
   878 | D:2      | Reached XP level 3. HP: 7/19 MP: 2/6
  1451 | D:2      | Reached skill level 5 in Earth Magic
  1451 | D:2      | Reached XP level 4. HP: 15/24 MP: 8/8
  1476 | D:2      | Learned a level 3 spell: Stone Arrow
  1691 | D:2      | Reached XP level 5. HP: 28/28 MP: 10/10
  1698 | D:2      | Learned a level 5 spell: Lee's Rapid Deconstruction
  1718 | D:2      | You fall through a shaft for 2 floors!
  1747 | D:4      | Reached skill level 1 in Conjurations
  1756 | D:4      | Noticed a phantom
  1766 | D:5      | Entered Level 5 of the Dungeon
  1841 | D:5      | Reached XP level 6. HP: 13/32 MP: 4/12
  2079 | D:4      | Reached skill level 6 in Earth Magic
  2549 | D:4      | Killed a phantom
  2549 | D:4      | Reached XP level 7. HP: 32/36 MP: 8/13
  2560 | D:4      | Found Sokuceup's Gadget Emporium.
  2889 | D:4      | Reached skill level 7 in Earth Magic
  3422 | D:3      | Reached skill level 5 in Spellcasting
  3727 | D:3      | Reached skill level 1 in Fighting
  3996 | D:3      | Reached XP level 8. HP: 43/43 MP: 6/15
  3997 | D:3      | Reached skill level 1 in Armour
  4126 | D:3      | Reached skill level 1 in Maces & Flails
  4126 | D:3      | Reached skill level 1 in Evocations
  4576 | D:4      | Found a runed door.
  4582 | D:4      | Noticed Fandomethor's ghost (amateur VSFi)
  5050 | D:4      | Slain by Fandomethor's ghost

Vault maps used:
D:1:      saegor_arrival_simple_b, minmay_stone_trees_large
D:2:      first_ration
D:3:      minmay_pentomino_pile
D:4:      serial_shops, shop, ebering_ghost_sewer_d, grunt_ministairs_10
D:5:      lemuel_ice_spiral_2, gammafunk_temple_overflow_pools,
          minmay_temple_entry_antechambers, chequers_decorated_corner

Skill      XL: |  1  2  3  4  5  6  7  8 |
---------------+-------------------------+-----
Earth Magic    | 4 5 6 7 |  7.4
Spellcasting   | 3 4 5 |  5.3
Conjurations   | 2 3 4 |  4.4
Fighting       | 1 2 |  2.0
Armour         | 1 |  1.9
Maces & Flails | 1 |  1.7
Dodging        | 2 |  2.3
Evocations     | 1 |  1.4
Stealth        | |  2.1
Transmutations | |  0.7

Action                   |  1- 3 |  4- 6 |  7- 9 || total
-------------------------+-------+-------+-------++-------
Melee: Club              |    17 |       |       ||    17
       Unarmed           |    15 |       |       ||    15
       Dagger            |    26 |       |       ||    26
       Rapier            |    18 |    20 |    21 ||    59
       Short sword       |       |       |   123 ||   123
       Trident           |       |       |    41 ||    41
 Cast: Sandblast         |    24 |    25 |    46 ||    95
       Lee's Rapid Decon |       |     1 |     7 ||     8
       Stone Arrow       |       |       |     6 ||     6
 Abil: Evoke Berserk Rag |       |       |     1 ||     1
  Use: Potion            |       |     5 |       ||     5
       Scroll            |       |       |    12 ||    12
 Stab: Sleeping          |     1 |     1 |     2 ||     4
  Eat: Chunk             |     2 |     3 |    11 ||    16
Armor: Robe              |    35 |    30 |    90 ||   155
Dodge: Dodged            |    57 |    59 |   144 ||   260

Table legend:
 A = Non-vault XP
 B = Vault XP
 C = Vault XP percentage of total XP
 D = Non-vault monster count
 E = Vault monster count
 F = Vault count percentage of total count
                 A         B        C        D         E       F
            +---------+---------+-------+---------+---------+-------
      Total |    1719 |      69 |   3.9 |     115 |      11 |   8.7
            +---------+---------+-------+---------+---------+-------
        D:1 |      28 |       0 |   0.0 |      13 |       0 |   0.0
        D:2 |     164 |       0 |   0.0 |      29 |       0 |   0.0
        D:3 |     665 |      22 |   3.2 |      42 |       4 |   8.7
        D:4 |     735 |      43 |   5.5 |      28 |       5 |  15.2
        D:5 |     127 |       4 |   3.1 |       3 |       2 |  40.0
            +---------+---------+-------+---------+---------+-------
